 Dungeon Crawl Stone Soup version 0.21.1-1-g345015f (webtiles) character file.

17352 diana the Impaler (level 12, -9/89 HPs)
             Began as a Merfolk Gladiator on May 28, 2018.
             Was a Priest of Ashenzari.
             Mangled by Rupert
             ... wielding a +1 great sword of freezing
              (14 damage)
             ... on level 13 of the Dungeon.
             The game lasted 00:41:58 (11453 turns).

diana the Impaler (Merfolk Gladiator)              Turns: 11453, Time: 00:41:59

Health: -9/89      AC: 13    Str: 19    XL:     12   Next: 47%
Magic:  3/3        EV: 22    Int:  7    God:    Ashenzari [***...]
Gold:   162        SH:  7    Dex: 20    Spells: 7/11 levels left

rFire    + . .     SeeInvis +   x - +10 spear of the Twelve Beds {pierce, *Noise rPois MP-9 Stlth+} (curse)
rCold    . . .     Gourm    .   T - +0 buckler of the Hare {rPois Str+4 SInv Stlth+} (curse)
rNeg     . . .     Faith    .   J - +1 leather armour {rF+}
rPois    +         Spirit   .   r - +1 helmet {SInv} (curse)
rElec    .         Reflect  .   N - +2 cloak (curse)
rCorr    .         Harm     .   (no gloves)
MR       .....                  (no boots)
Stlth    ++++......             (no amulet)
HPRegen  0.24/turn              e - +5 ring of slaying (curse)
MPRegen  0.08/turn              E - +3 ring of slaying (curse)

@: invisible
A: change form in water, swift swim, stealthy swim, thin metallic scales 1,
yellow scales 1, frail 1, sense surroundings 1, poison resistance, wild magic 1,
evolution 1
a: Curse Item, Scrying, Renounce Religion


You were on level 13 of the Dungeon.
You worshipped Ashenzari.
Ashenzari was most pleased with you.
You were hungry.

You visited 3 branches of the dungeon, and saw 15 of its levels.
You also visited: Sewer.

You collected 772 gold pieces.
You spent 610 gold pieces at shops.

Inventory:

Hand Weapons
 x - the cursed +10 spear of the Twelve Beds (weapon) {pierce, *Noise rPois MP-9 Stlth+}
   (You found it on level 6 of the Dungeon)

   It inflicts extra damage upon your enemies.
   It protects you from poison.
   It affects your magic capacity (-9).
   It may make noises in combat.
   It makes you more stealthy.
   It has a curse placed upon it.
Missiles
 d - 3 throwing nets (quivered)
Armour
 r - a cursed +1 helmet of see invisible (worn)
 J - a +1 leather armour of fire resistance (worn)
 N - a cursed +2 cloak (worn)
 T - the cursed +0 buckler of the Hare (worn) {rPois Str+4 SInv Stlth+}
   (You bought it in a shop on level 10 of the Dungeon)

   It affects your strength (+4).
   It protects you from poison.
   It lets you see invisible.
   It makes you more stealthy.
   It has a curse placed upon it.
Jewellery
 e - a cursed +5 ring of slaying (left hand)
 h - an uncursed ring of wizardry
 u - a +3 ring of dexterity
 y - an uncursed ring of ice
 D - an uncursed amulet of guardian spirit
 E - a cursed +3 ring of slaying (right hand)
 I - an uncursed ring of wizardry
Wands
 c - a wand of flame (13)
 z - a wand of iceblast (17)
 G - a wand of random effects (30)
 L - a wand of polymorph (9)
 M - a wand of paralysis (46)
Scrolls
 i - 4 scrolls of enchant armour
 k - 3 scrolls of magic mapping
 o - 4 scrolls of fear
 p - 3 scrolls of remove curse
 v - 2 scrolls of amnesia
 C - a scroll of enchant weapon
 F - 2 scrolls of teleportation
 R - a scroll of immolation
Potions
 b - a potion of brilliance {unknown}
 g - a potion of heal wounds {unknown}
 j - 2 potions of cancellation
 m - 8 potions of curing
 s - 2 potions of invisibility
 t - 6 potions of flight {unknown}
 w - a potion of berserk rage {unknown}
 A - 3 potions of lignification {unknown}
 O - 4 potions of might
 P - 2 potions of agility {unknown}
 Q - 2 potions of mutation
Books
 a - a book of Maledictions

   Spells                             Type                      Level
   a - Corona                         Hexes                        1
   b - Ensorcelled Hibernation        Hexes/Ice                    2
   c - Confuse                        Hexes                        3
   d - Tukima's Dance                 Hexes                        3
   e - Dazzling Spray                 Conjuration/Hexes            3
 l - a book of Minor Magic

   Spells                             Type                      Level
   a - Magic Dart                     Conjuration                  1
   b - Blink                          Translocation                2
   c - Call Imp                       Summoning                    2
   d - Slow                           Hexes                        2
   e - Conjure Flame                  Conjuration/Fire             3
   f - Mephitic Cloud                 Conjuration/Poison/Air       3
 B - a book of Cantrips

   Spells                             Type                      Level
   a - Confusing Touch                Hexes                        1
   b - Animate Skeleton               Necromancy                   1
   c - Summon Small Mammal            Summoning                    1
   d - Apportation                    Translocation                1
 K - a book of Necromancy

   Spells                             Type                      Level
   a - Pain                           Necromancy                   1
   b - Animate Skeleton               Necromancy                   1
   c - Vampiric Draining              Necromancy                   3
   d - Regeneration                   Charms/Necromancy            3
   e - Animate Dead                   Necromancy                   4
   f - Borgnjor's Vile Clutch         Necromancy/Earth             5
Comestibles
 f - 24 rations


   Skills:
 + Level 10.6 Fighting
 * Level 18.0(20.2) Polearms
 - Level 2.0 Throwing
 + Level 12.5 Dodging
 + Level 6.9(8.9) Shields


You had 7 spell levels left.
You knew the following spells:

 Your Spells              Type           Power        Failure   Level  Hunger
a - Regeneration          Chrm/Necr      #.........   88%         3    ####...
b - Apportation           Tloc           #.....       54%         1    ##.....


Dungeon Overview and Level Annotations

Branches:
Dungeon (13/15)            Temple (1/1) D:7            Lair (1/6) D:8
    Orc (0/2) D:11
 Vaults: D:13-14

Altars:
Ashenzari
Cheibriados
Dithmenos
Elyvilon
Fedhas
Gozag
Hepliaklqana
Kikubaaqudgha
Makhleb
Nemelex Xobeh
Okawaru
Qazlal
Ru
Sif Muna
Trog
Uskayaw
Vehumet
Wu Jian
Xom
Yredelemnul
Zin
The Shining One

Shops:
D:6 [   D:10 [

Annotations:
D:13 Rupert


Innate Abilities, Weirdness & Mutations

You revert to your normal form in water.
You are very nimble and swift while swimming.
You are very stealthy in the water. (Stealth+)
You are partially covered in thin metallic scales. (AC +2)
You are partially covered in yellow scales. (AC +2)
You are frail. (-10% HP)
You passively map a small area around you.
Your system is resistant to poisons. (rPois)
Your spells are a little harder to cast, but a little more powerful.
You evolve.


Message History

You hear a rumbling sound.
You kill the orc wizard!
You hear a loud, deep croak!
Rupert roars madly and goes into a rage!
Rupert goes berserk!
Items here: ))) [[ † You impale Rupert!!
Rupert is lightly wounded.
Rupert hits you with a great sword of freezing!!
Rupert freezes you!
You hit Rupert.
Rupert is lightly wounded.
Rupert hits you with a great sword of freezing!!
* * * LOW HITPOINT WARNING * * *
Rupert freezes you!
* * * LOW HITPOINT WARNING * * *
You are too injured to fight recklessly!
You fade into invisibility!
Rupert hits you with a great sword of freezing!
You die...

, #####..............#
, ,
..............##(...#,*
, ,
,........###...###....#
,
.####....###..####..##
, #.#..........#..# ,,
* *#.###....##.. ...#*
, , ., ##...#*## ..
,.., #)..# , , ##
***#@..# , , * * ,
#.@..# .......#* * *
....#.....#
.............. , ,
..##..........#* , #
*##,######>.# ,* ... ,,
* , ,


You could see Rupert (berserk).

Vanquished Creatures
  Nessos (D:12)
  2 two-headed ogres
  3 unseen horrors
  Pikel (D:8)
  An ugly thing (D:11)
  Maurice (D:9)
  Joseph (D:9)
  A kobold demonologist (D:12)
  Grinder (D:5)
  A troll (D:11)
  Prince Ribbit (D:5)
  5 hornets
  A blink frog (D:8)
  2 hippogriffs
  Sigmund (D:2)
  A wraith (D:10)
  15 yaks
  2 hungry ghosts
  Edmund (D:5)
  2 black bears
  6 ice beasts
  2 orc warriors
  A slave (D:8)
  Purgy (Sewer)
  4 sky beasts
  7 phantoms
  8 ogres
  3 centaurs
  A big kobold (D:12)
  Blork the orc (D:6)
  9 bullfrogs
  A wyvern skeleton (D:11)
  6 scorpions
  11 killer bees
  4 wights (D:10)
  3 howler monkeys
  A bullfrog zombie (D:8)
  5 crimson imps
  A quasit (D:8)
  10 jellies
  3 orc priests
  8 hounds
  11 orc wizards
  Terence (D:2)
  Jessica (D:2)
  5 iguanas
  Natasha (thrice) (D:4)
  9 worker ants
  A killer bee zombie (D:10)
  3 hound zombies
  3 hound skeletons
  Robin (D:4)
  A howler monkey skeleton (D:5)
  A worker ant zombie (D:5)
  18 adders
  3 gnolls (D:7)
  6 shadow imps
  6 oozes
  An adder skeleton (D:5)
  2 adder zombies (D:5)
  5 worms
  6 leopard geckos
  29 orcs
  8 giant cockroaches
  13 goblins
  9 hobgoblins
  3 jackals (D:5)
  16 kobolds
  4 quokkas
  2 ball pythons
  4 bats
  5 frilled lizards
  A jackal skeleton (D:8)
  A leopard gecko skeleton (D:4)
  9 rats
331 creatures vanquished.

Vanquished Creatures (others)
  A slave (D:8)
  A bullfrog (D:8)
  2 worker ants (D:8)
  A shadow imp (D:8)
  A quokka (D:8)
6 creatures vanquished.

Grand Total: 337 creatures vanquished

Notes
Turn   | Place    | Note
-------+----------+-------------------------------------------
     0 | D:1      | diana the Merfolk Gladiator began the quest for the Orb.
     0 | D:1      | Reached XP level 1. HP: 16/16 MP: 1/1
   161 | D:1      | Reached XP level 2. HP: 21/23 MP: 2/2
   212 | D:1      | Reached skill level 5 in Polearms
   569 | D:2      | Reached XP level 3. HP: 25/28 MP: 3/3
   583 | D:2      | Noticed Jessica
   588 | D:2      | Killed Jessica
   632 | D:2      | Reached XP level 4. HP: 34/34 MP: 4/4
   642 | D:2      | Reached skill level 6 in Polearms
  1173 | D:2      | Noticed Terence
  1190 | D:2      | Killed Terence
  1368 | D:2      | Reached skill level 5 in Dodging
  1391 | D:2      | Noticed Sigmund
  1432 | D:3      | Found a faded altar of an unknown god.
  1438 | D:3      | HP: 1/35 [hobgoblin (2)]
  1458 | D:3      | Gained mutation: Your flesh is cold resistant. (rC+) [potion of mutation]
  1458 | D:3      | Gained mutation: Your mind is acute. (Int +2) [potion of mutation]
  1458 | D:3      | Gained mutation: You have a pair of small horns on your head. [potion of mutation]
  1461 | D:3      | Reached XP level 5. HP: 4/41 MP: 5/5
  1974 | D:3      | Found a glowing drain.
  1983 | Sewer    | Entered a sewer
  2166 | Sewer    | Noticed Purgy
  2182 | Sewer    | Killed Purgy
  2182 | Sewer    | Reached skill level 7 in Polearms
  2182 | Sewer    | Reached XP level 6. HP: 24/48 MP: 6/6
  2257 | Sewer    | Lost mutation: You have a pair of small horns on your head. [potion of mutation]
  2257 | Sewer    | Lost mutation: Your mind is acute. (Int +2) [potion of mutation]
  2257 | Sewer    | Gained mutation: You are resistant to hostile enchantments. (MR+) [potion of mutation]
  2257 | Sewer    | Gained mutation: Your natural rate of healing is unusually fast. [potion of mutation]
  2257 | Sewer    | Gained mutation: Your system is resistant to poisons. (rPois) [potion of mutation]
  2821 | D:4      | Noticed Robin
  2851 | D:4      | Killed Robin
  2932 | D:4      | Noticed Natasha
  2944 | D:4      | Killed Natasha
  2963 | D:4      | Reached skill level 8 in Polearms
  3016 | D:4      | Noticed Natasha
  3032 | D:4      | Killed Natasha
  3260 | D:2      | Killed Sigmund
  3260 | D:2      | Reached XP level 7. HP: 55/55 MP: 7/7
  3264 | D:2      | Lost mutation: You are resistant to hostile enchantments. (MR+) [potion of mutation]
  3264 | D:2      | Lost mutation: Your flesh is cold resistant. (rC+) [potion of mutation]
  3264 | D:2      | Lost mutation: Your natural rate of healing is unusually fast. [potion of mutation]
  3264 | D:2      | Gained mutation: You are frail. (-10% HP) [potion of mutation]
  3264 | D:2      | Gained mutation: You are partially covered in thin metallic scales. (AC +2) [potion of mutation]
  3264 | D:2      | Gained mutation: You evolve. [potion of mutation]
  3264 | D:2      | Gained mutation: Your spells are a little harder to cast, but a little more powerful. [potion of mutation]
  3539 | D:4      | Reached skill level 9 in Polearms
  3601 | D:4      | Noticed Natasha
  3607 | D:4      | Killed Natasha
  3836 | D:5      | Entered Level 5 of the Dungeon
  3853 | D:5      | Reached skill level 5 in Fighting
  3995 | D:5      | Noticed Prince Ribbit
  4085 | D:5      | Reached XP level 8. HP: 30/55 MP: 8/8
  4171 | D:5      | Reached skill level 10 in Polearms
  4212 | D:5      | Noticed Edmund
  4229 | D:5      | Killed Edmund
  4308 | D:5      | Noticed Grinder
  4435 | D:6      | Found a bloodstained altar of Trog.
  4453 | D:6      | Got a shimmering spear
  4454 | D:6      | Identified the +10 spear of the Twelve Beds {pierce, *Noise rPois MP-9 Stlth+} (You found it on level 6 of the Dungeon)
  4489 | D:6      | Reached skill level 11 in Polearms
  4610 | D:6      | Found Utonuerr's Antique Armour Boutique.
  4612 | D:6      | Noticed Blork the orc
  4627 | D:6      | Killed Blork the orc
  4956 | D:6      | Found a deep blue altar of Sif Muna.
  5062 | D:5      | Reached XP level 9. HP: 63/63 MP: 0/9
  5066 | D:5      | Paralysed by Grinder for 5 turns
  5072 | D:5      | Killed Grinder
  5072 | D:5      | Reached skill level 12 in Polearms
  5164 | D:5      | Killed Prince Ribbit
  5418 | D:7      | Reached skill level 13 in Polearms
  5612 | D:7      | Found a staircase to the Ecumenical Temple.
  5625 | Temple   | Entered the Ecumenical Temple
  5805 | Temple   | Became a worshipper of Ashenzari the Shackled
  6037 | D:8      | Reached skill level 1 in Shields
  6039 | D:8      | Noticed Pikel
  6046 | D:8      | Killed Pikel
  6046 | D:8      | Reached XP level 10. HP: 72/72 MP: 1/10
  6111 | D:8      | Reached skill level 14 in Polearms
  6142 | D:8      | Reached skill level 10 in Dodging
  6155 | D:8      | Noticed a two-headed ogre
  6160 | D:8      | Killed a two-headed ogre
  6433 | D:8      | Found a staircase to the Lair.
  7148 | D:9      | Noticed Maurice
  7153 | D:9      | Paralysed by Maurice for 7 turns
  7169 | D:9      | Killed Maurice
  7300 | D:8      | Gained mutation: You passively map a small area around you. [evolution]
  7475 | D:9      | Reached skill level 15 in Polearms
  7607 | D:9      | Reached * piety under Ashenzari
  7613 | D:9      | Noticed Joseph
  7623 | D:9      | Killed Joseph
  8162 | D:10     | Entered Level 10 of the Dungeon
  8189 | D:10     | Reached XP level 11. HP: 78/78 MP: 2/11
  8291 | D:10     | Noticed an unseen horror
  8294 | D:10     | Killed an unseen horror
  8394 | D:10     | Found Zyodghog's Armour Shoppe.
  8446 | D:10     | Reached skill level 5 in Shields
  8456 | D:10     | Reached skill level 16 in Polearms
  8533 | D:10     | Noticed an unseen horror
  8544 | D:10     | Killed an unseen horror
  8622 | D:10     | Reached ** piety under Ashenzari
  9021 | D:6      | Bought a glowing buckler for 217 gold pieces
  9135 | D:11     | Learned a level 3 spell: Regeneration
  9137 | D:11     | Learned a level 1 spell: Apportation
  9346 | D:11     | Noticed a purple ugly thing
  9358 | D:11     | Killed a purple ugly thing
  9831 | D:11     | Noticed a two-headed ogre
  9837 | D:11     | Killed a two-headed ogre
  9852 | D:11     | Found a staircase to the Orcish Mines.
  9952 | Lair:1   | Entered Level 1 of the Lair of Beasts
  9966 | D:8      | Reached skill level 10 in Fighting
  9966 | D:8      | Reached skill level 17 in Polearms
 10352 | D:10     | Bought the cursed +0 buckler of the Hare {rPois Str+4 SInv Stlth+} for 393 gold pieces
 10490 | D:12     | Paralysed by a hornet for 2 turns
 10495 | D:12     | Reached XP level 12. HP: 46/87 MP: 3/12
 10776 | D:12     | Found an ancient bone altar of Kikubaaqudgha.
 10848 | D:12     | Noticed Nessos
 10860 | D:12     | Killed Nessos
 11088 | D:12     | Gained mutation: You are partially covered in yellow scales. (AC +2) [evolution]
 11430 | D:13     | Reached *** piety under Ashenzari
 11443 | D:13     | Noticed Rupert
 11443 | D:13     | Reached skill level 18 in Polearms
 11453 | D:13     | Mangled by Rupert

Skill      XL: |  1  2  3  4  5  6  7  8  9 10 11 12 |
---------------+-------------------------------------+-----
Polearms       | 5 6 7 8 9 11 13 15 17 18 | 18.0
Fighting       | 3 4 5 6 7 8 10 | 10.6
Dodging        | 5 6 7 8 9 10 12 | 12.5
Shields        | 2 4 6 |  6.9
Throwing       | |  2.0

Action                   |  1- 3 |  4- 6 |  7- 9 | 10-12 || total
-------------------------+-------+-------+-------+-------++-------
Melee: Trident           |    80 |   248 |   120 |       ||   448
       Headbutt          |       |    10 |       |       ||    10
       Tailslap          |       |     3 |       |       ||     3
       Spear             |       |       |   120 |   454 ||   574
Invok: Curse Item        |       |       |     3 |     2 ||     5
  Use: Potion            |       |     5 |     1 |     1 ||     7
       Scroll            |       |     3 |       |    10 ||    13
 Stab: Sleeping          |     1 |     4 |     7 |     9 ||    21
       Distracted        |       |       |     1 |     1 ||     2
  Eat: Chunk             |       |     7 |     5 |    15 ||    27
       Ration            |       |       |     1 |     1 ||     2
Armor: Leather armour    |    18 |    41 |    28 |    32 ||   119
       Skin              |       |       |     1 |       ||     1
Dodge: Dodged            |    40 |   179 |    82 |   144 ||   445
Block: Buckler           |       |       |       |     6 ||     6
